Unix NetHack Version 5.0.0-0 post-release - last build May 23 2026 06:08:33 (1c0ff79ee797540d5714e4e18072db0edd9e58ae,branch:main).

Game began 2026-05-27 16:37:10, ended 2026-05-27 22:10:30.

IanCurtis, chaotic male elven Wizard

                               .|.....
                         -... .....`..-
                         `..............   ..
                        ...<.....)......-     .
                        .....*.).......---.....-----
                        ---.............|........|.--..
                         ....)..........%...........|a|
                          --.[-....................f@.|
                           |.........|...........--.---
                           |........---........------
                            -......-| |...--.---
                            |.......| --.-----
                            |.......|  ---
                            ---...--
                              |..--
                              ----
IanCurtis the Thaumaturge  St:10 Dx:14 Co:13 In:20 Wi:13 Ch:9  Chaotic
Dlvl:8  $:101 HP:0(41) Pw:45(69) AC:8  Xp:6 T:3135  Burdened

Latest messages:
 You kill the gnome!
 The gnome falls into a pit!
 The gnome is killed!
 g - a slime mold.
 You have a little trouble lifting a food ration.  Continue? [ynq] (q) y
 You learn more about your items by comparing them.
 You have a little trouble lifting x - an uncursed food ration (3 in total).
 Your movements are slowed slightly because of your load.
 The gnome falls into a pit!
 The gnome is killed!
 Your large cat eats a gnome corpse.
 With great effort you move the boulder.
 You fall into a pit!
 There is a pit here.
 You are still in a pit.
 You crawl to the edge of the pit.
 The gnome lord hits!
 The gnome lord hits!
 In what direction? l
 The spell hits the gnome lord!
 The large cat bites the gnome lord.
 The gnome lord is killed!
 Your large cat eats a gnome lord corpse.
 You see here a scroll of confuse monster.
 You learn more about your items by comparing them.
 You have a little trouble lifting i - an uncursed scroll of confuse monster (2 in total).
 The gnome falls into a pit!
 The gnome is killed!
 The soldier ant bites!
 The soldier ant stings!
 What do you want to zap? [cIOUV or ?*] ?
 In what direction? l
 The magic missile hits the soldier ant!
 The magic missile bounces!
 You kill the soldier ant!
 The magic missile hits you!
 The missiles bounce off!
 You stop searching.
 The soldier ant bites!
 The soldier ant stings!
 What do you want to zap? [cIOUV or ?*] ?
 In what direction? t
 The wand of magic missile glows and fades.
 The soldier ant bites!
 The soldier ant stings!
 Are you sure you want to pray? [yes|no] yes
 You begin praying to Anhur.
 The soldier ant bites!
 You die...
 Do you want your possessions identified? [ynq] (y) q

Inventory:
 Coins    ('$')
  $ - 101 gold pieces
 Weapons  (')')
  a - a blessed +3 quarterstaff (weapon in hands)
 Armor    ('[')
  q - a blessed rustproof +0 orcish helm (being worn)
  b - an uncursed +0 cloak of magic resistance (being worn)
 Comestibles  ('%')
  g - an uncursed slime mold
  x - 3 uncursed food rations
  y - an uncursed sprig of wolfsbane
 Scrolls  ('?')
  j - an uncursed scroll of blank paper
  i - 2 uncursed scrolls of confuse monster
  D - an uncursed scroll of earth
  J - an uncursed scroll of enchant armor
  k - an uncursed scroll of enchant weapon
  r - a cursed scroll of enchant weapon
  L - 2 uncursed scrolls of teleportation
 Spellbooks  ('+')
  l - a blessed spellbook of force bolt
  m - an uncursed spellbook of magic missile
 Potions  ('!')
  G - an uncursed potion of blindness
  s - 3 uncursed potions of healing
  E - a blessed potion of see invisible
  h - 2 uncursed potions of water
 Rings    ('=')
  H - a cursed -1 ring of gain constitution
  B - an uncursed ring of poison resistance
  P - an uncursed +1 ring of protection
  F - a cursed ring of searching
  e - an uncursed ring of teleport control
 Wands    ('/')
  O - a wand of create monster (0:11)
  V - a wand of digging (0:4)
  c - a wand of magic missile (0:3)
  I - a wand of secret door detection (0:12)
  U - a wand of speed monster (0:2)
 Tools    ('(')
  p - an uncursed wooden flute
  f - an uncursed blindfold
  o - an uncursed blindfold
  T - an uncursed brass lantern
  n - a magic marker (0:20)
  R - an uncursed oil lamp (lit)
  d - a +0 pick-axe

IanCurtis the Wizard's attributes:

Background:
 You were a Thaumaturge, a level 6 male elven Wizard.
 You were chaotic, on a mission for Anhur
 who was opposed by Ptah (lawful) and Thoth (neutral).
 You were right-handed.
 You were in the Gnomish Mines, on level 8.
 You entered the dungeon 3135 turns ago.
 It was nighttime.
 You had 529 experience points, 111 more were needed to attain level 7.

Basics:
 You had 0 out of 41 hit points.
 You had 45 out of 69 energy points (spell power).
 Your armor class was 8.
 Your wallet contained 101 zorkmids.
 Autopickup was off.

Final Characteristics:
 Your strength was 10 (limit:18).
 Your dexterity was 14 (limit:18).
 Your constitution was 13 (limit:16).
 Your intelligence was 20 (limit:20).
 Your wisdom was 13 (limit:20).
 Your charisma was 9 (limit:18).

Final Status:
 You weren't hungry.
 You were burdened; movement was slightly slowed.
 You were wielding a quarterstaff.
 You had basic skill with quarterstaff.

Final Attributes:
 You were piously aligned.
 You were magic-protected.
 You were sleep resistant.
 You had infravision.
 You were warded.
 You were unlucky.
 You are dead.

Miscellaneous:
 You didn't encounter any bones levels.
 Total elapsed playing time was 27 minutes and 8 seconds.

Major events:
 Turn
    1: IanCurtis the chaotic male elven Wizard entered the dungeon
  750: attained the rank of Conjurer (level 3)
 1613: entered the Gnomish Mines
 2338: attained the rank of Thaumaturge (level 6)
 2445: reached Mine Town
 3135: killed by a soldier ant, while praying

Spells:
 Name                 Level Category     Fail Retention
 force bolt             1   attack         0%   81%-90%
 magic missile          2   attack         0%   81%-90%

Skills:
 Fighting Skills
   bare handed combat [Unskilled]
   riding             [Unskilled]
 Weapon Skills
   dagger             [Unskilled]
   knife              [Unskilled]
   axe                [Unskilled]
   short sword        [Unskilled]
   club               [Unskilled]
   mace               [Unskilled]
   quarterstaff       [Basic]
   polearms           [Unskilled]
   spear              [Unskilled]
   trident            [Unskilled]
   sling              [Unskilled]
   dart               [Unskilled]
   shuriken           [Unskilled]
 Spellcasting Skills
   attack spells      [Basic]
   healing spells     [Unskilled]
   divination spells  [Unskilled]
   enchantment spells [Basic]
   clerical spells    [Unskilled]
   escape spells      [Unskilled]
   matter spells      [Unskilled]

Voluntary challenges:
 Character rerolling was not enabled.
 You never genocided any monsters.
 You never polymorphed an object.
 You never changed form.
 You used no wishes.
Achievements:
 You attained the rank of Conjurer.
 You entered the Gnomish Mines.
 You attained the rank of Thaumaturge.
 You entered Minetown.
 You entered a temple.

 The Dungeons of Doom: levels 1 to 5
    Level 1:
       A grave.
    Level 2:
       A fountain.
    Level 3:
    Level 4:
       A fountain.
       Stairs down to The Gnomish Mines.
    Level 5:
 The Gnomish Mines: levels 5 to 8
    Level 5:
    Level 6:
    Level 7:
       A temple and an altar, some fountains, a tree.
    Level 8: <- You were here.
       Final resting place for
          you, killed by a soldier ant, while praying.


Vanquished creatures:
  a watchman
  a dog
  a soldier ant
  3 Uruk-hai
  a pony
  7 gnome leaders
  a gnomish wizard
  a ghoul
  a straw golem
  a kitten
  7 dwarves
  2 hill orcs
  4 rothes
  2 giant bats
  2 orc zombies
  a werejackal
  a killer bee
  3 acid blobs
  a hobbit
  a manes
  a hobgoblin
  2 giant rats
  3 cave spiders
  a yellow mold
 26 gnomes
  2 garter snakes
  a gnome zombie
  4 geckos
  3 jackals
  a fox
  4 goblins
  2 grid bugs
  2 lichens
  2 kobold zombies
  2 newts
98 creatures vanquished.

No species were genocided or became extinct.

Game over:
                       ----------
                      /          \
                     /    REST    \
                    /      IN      \
                   /     PEACE      \
                  /                  \
                  |    IanCurtis     |
                  |      101 Au      |
                  |   killed by a    |
                  |   soldier ant    |
                  |                  |
                  |                  |
                  |       2026       |
                 *|     *  *  *      | *
        _________)/\\_//(\/(/\)/\//\/|_)_______

Goodbye IanCurtis the Wizard...

You died in The Gnomish Mines on dungeon level 8 with 2557 points,
and 101 pieces of gold, after 3135 moves.
You were level 6 with a maximum of 41 hit points when you died.

